 Dungeon Crawl Stone Soup version 0.30.1-4-g462c640d31 (webtiles) character file.

Game seed: 7187765552791718577

44173 Kurtz the Severer (level 14, -8/80 (88) HPs)
             Began as a Tengu Fighter on Sept 17, 2023.
             Was an Initiate of Gozag.
             Mangled by a reaper
             ... wielding a +2 heavy scythe
              (38 damage)
             ... in a Gauntlet on Sept 18, 2023.
             The game lasted 00:35:34 (22107 turns).

Kurtz the Severer (Tengu Fighter)                  Turns: 22107, Time: 00:35:37

HP:   -8/80 (88)    AC: 19    Str: 19    XL:     14   Next: 27%
MP:   15/15         EV: 14    Int: 10    God:    Gozag
Gold: 3165          SH: 12    Dex: 15    Spells: 13/13 levels left

rFire   + . .        L - +3 hand axe (flame)
rCold   + . .        c - +0 buckler
rNeg    . . .        V - +2 chain mail {rF+}
rPois   .            U - +0 hat {SInv}
rElec   .            q - scarf {+Inv}
rCorr   .            f - +0 pair of gloves
SInv    +            (boots unavailable)
Will    +....        l - amulet of reflection Stlth
                     Y - ring of protection from cold
HPRegen 0.33/turn    X - +4 ring of protection
MPRegen 0.14/turn

%: no teleportation, reflection
@: mighty, flying quickly and evasively, very slightly contaminated, drained,
invisible (expiring), quick
A: beak, talons 3, nimble flight
a: Renounce Religion, Evoke Invisibility, Potion Petition, Call Merchant, Bribe
Branch


You were in a Gauntlet.
You worshipped Gozag.
Gozag was most pleased with you.
You visited 2 branches of the dungeon, and saw 17 of its levels.
You also visited: Gauntlet.

You collected 4337 gold pieces.
You paid 1172 gold pieces to Gozag.

Inventory:

Hand Weapons
 a - a +0 war axe
 k - a +2 heavy flail
 I - a +5 flail
 L - a +3 hand axe of flaming (weapon)
Missiles
 F - 13 boomerangs
 G - 12 poisoned darts
Armour
 c - a +0 buckler (worn)
 f - a +0 pair of gloves (worn)
 q - a scarf of invisibility (worn)
 E - a +2 scale mail of poison resistance
 R - +0 fire dragon scales
 S - a +0 cloak
 U - a +0 hat of see invisible (worn)
 V - a +2 chain mail of fire resistance (worn)
Jewellery
 e - a ring of see invisible
 i - a ring of poison resistance
 l - an amulet of reflection (around neck)
 P - a ring of resist corrosion
 X - a +4 ring of protection (right hand)
 Y - a ring of protection from cold (left hand)
Wands
 x - a wand of flame (11)
 N - a wand of quicksilver (6)
 Z - a wand of roots (8)
Scrolls
 g - 9 scrolls of teleportation
 m - 3 scrolls of fear
 n - 3 scrolls of enchant armour
 p - 2 scrolls of amnesia
 s - a scroll of fog
 v - a scroll of brand weapon
 y - 2 scrolls of enchant weapon
 H - a scroll of magic mapping
 J - a scroll of noise {unknown}
 M - 4 scrolls of blinking
 O - a scroll of butterflies
 Q - 7 scrolls of immolation
 W - 2 scrolls of silence {unknown}
Potions
 b - a potion of mutation
 d - 3 potions of might
 h - 4 potions of invisibility
 j - a potion of ambrosia
 o - 9 potions of curing
 r - 7 potions of lignification {unknown}
 u - 3 potions of haste {unknown}
 w - 2 potions of cancellation {unknown}
 z - a potion of magic (quivered) {unknown}
 A - 3 potions of flight {unknown}
 D - 2 potions of brilliance
 K - 2 potions of heal wounds


   Skills:
 * Level 10.3 Fighting
 - Level 16.3 Axes
 * Level 12.0 Armour
 * Level 8.1 Dodging
 * Level 11.1 Shields
 * Level 3.4 Evocations


You had 13 spell levels left.
You didn't know any spells.
Your spell library contained the following spells:

 Spells                   Type           Power      Damage    Failure   Level
 Necrotise                Necr           0%         1d4       94%         1
 Sandblast                Erth           0%         2d4       94%         1
 Passwall                 Tmut/Erth      0%         N/A       98%         2
 Sublimation of Blood     Necr           0%         N/A       98%         2
 Wereblood                Tmut           0%         N/A       98%         2
 Dazzling Flash           Conj/Hex       0%         N/A       100%        3
 Inner Flame              Hex/Fire       0%         N/A       100%        3
 Stone Arrow              Conj/Erth      0%         3d7       100%        3
 Vampiric Draining        Necr           0%         2d6       100%        3
 Agony                    Necr           0%         N/A       100%        5
 Silence                  Hex/Air        0%         N/A       100%        5
 Yara's Violent Unravell  Hex/Tmut       0%         3d3       100%        5
 Enfeeble                 Hex            0%         N/A       100%        7
 Summon Hydra             Summ           0%         N/A       100%        7


Dungeon Overview and Level Annotations

Branches:
Dungeon (12/15)            Temple (0/1) D:4            Lair (5/5) D:11
  Swamp (0/4) Lair:2       Spider (0/4) Lair:2        Slime (0/5) Lair:4
    Orc (0/2) D:10        Gauntlet (1/1)

Altars:
Dithmenos
Elyvilon
Gozag
Hepliaklqana
Kikubaaqudgha
Makhleb
Nemelex Xobeh
Okawaru
Qazlal
Ru
Sif Muna
Vehumet
Xom
Yredelemnul
The Shining One
Jiyva

Shops:
D:4 :

Annotations:
Gauntlet 11 transporters, exclusion: obsidian statue


Innate Abilities, Weirdness & Mutations

You have a beak for a mouth.
You have claws for feet.
Your magical nature lets you fly swiftly and evasively.


Message History

The balrug shouts!
Press: ? - help, v - describe, . - travel
Here: a balrug, wielding a +0 demon whip (fire blocked by a translucent stone wall)
The floor.
There is a transporter here.
The reaper shouts, "Death awaits you!"
Press: ? - help, v - describe, . - travel The floor.
There is a transporter here.
You feel drained.
You fade into invisibility!
You are very lightly contaminated with residual magic.
You enter the transporter and appear at another place.
You feel very mighty all of a sudden.
The reaper hits you with a +2 heavy scythe!!
You slash the reaper! You burn the reaper!
You claw the reaper, but do no damage. You peck the reaper, but do no damage.
The reaper is moderately wounded.
You barely miss the reaper. You claw the reaper, but do no damage.
Your peck misses the reaper.
The reaper is moderately wounded.
The reaper hits you with a +2 heavy scythe!
You barely miss the reaper.
The reaper is moderately wounded.
You closely miss the reaper. Your kick misses the reaper.
The reaper is moderately wounded.
You hit the reaper but do no damage. You claw the reaper. You peck the reaper!
The reaper is heavily wounded.
The reaper closely misses you.
You completely miss the reaper. You claw the reaper, but do no damage.
The reaper is heavily wounded.
You closely miss the shadow imp.
You flicker for a moment.
You closely miss the reaper. You peck the reaper, but do no damage.
The reaper is heavily wounded.
You hit the shadow imp. You burn the shadow imp.
You block the shadow imp's attack.
The reaper hits you with a +2 heavy scythe!!!
You die...
Your body crumbles into a pile of gold.

....#...#........#.©.#......##
....#.©.#....8...#.8.#...8.##
.###########.....#.©.#.....≈#
.#..[[©$...#...#########...##
.#.#..8..#.#...#.##©.=.#...§#
.#..#####..#...#..##([.#...##
.#..##.##..#...#...##..#...≈#
.#....©....#.8.#.#.©##.#.8.##
.#..##.##..#...#@##..#.#...≈#
.#..#####..#...#25##...#...##
.#.#.....#.#...#...##..#.§.≈#
.#.........#...#########...##
.###########.......©.......≈#
......©......8.....8.....8.##
...∩..8..∩.................≈#
§§......§....#≈#≈#≈#≈#≈#≈#≈##
#≈#§#≈#≈#≈#§################


You could see a reaper and a shadow imp (unable to see you).

Vanquished Creatures
  Gastronok (D:9)
  An ogre mage (D:10)
  4 hydras
  A catoblepas (Lair:5)
  A boulder beetle (Lair:1)
  2 centaur warriors
  3 two-headed ogres
  A skyshark (Lair:3)
  A lindwurm (Lair:3)
  A deep elf pyromancer (D:12)
  A will-o-the-wisp (Lair:3)
  A cyclops (D:10)
  A manticore (D:12)
  4 elephants (Lair:1)
  Maurice (D:8)
  10 cane toads
  A gargoyle (D:11)
  A torpor snail (Lair:5)
  4 black mambas
  An unseen horror (D:11)
  9 komodo dragons
  2 rime drakes
  3 trolls
  A hornet (D:10)
  2 polar bears
  Grinder (D:3)
  Prince Ribbit (D:9)
  A tyrant leech (Lair:2)
  3 blink frogs (Lair:5)
  16 dream sheep
  2 shadows (D:9)
  43 yaks
  3 vampires
  2 wraiths
  3 basilisks
  4 wyverns
  4 steam dragons
  A swamp worm (Lair:2)
  13 vampire mosquitoes
  10 water moccasins
  An acid dragon (D:9)
  A swamp drake (Lair:3)
  3 orc warriors
  A sky beast (D:7)
  5 black bears
  An ice beast (D:5)
  2 ogres
  24 wolves
  9 centaurs
  A phantom (D:5)
  10 bullfrogs
  A gnoll sergeant (D:9)
  A scorpion (D:6)
  3 wights (D:6)
  11 killer bees
  2 howler monkeys
  An electric eel (Lair:2)
  5 jellies
  6 hounds
  3 gnoll boudas
  6 orc priests
  2 sleepcaps
  Terence (D:3)
  7 hell rats (Lair:5)
  4 iguanas
  18 orc wizards
  Robin (D:3)
  9 adders
  18 gnolls
  An ufetubus (D:4)
  2 worms (D:2)
  2 dart slugs
  40 orcs
  8 ball pythons
  6 bats
  9 endoplasms
  7 giant cockroaches
  16 goblins
  8 hobgoblins
  4 jackals (D:2)
  6 kobolds
  3 quokkas
  7 frilled lizards
  8 rats
449 creatures vanquished.

Vanquished Creatures (others)
  3 killer bees (D:10)
  An orc (D:7)
  3 foxfires
7 creatures vanquished.

Grand Total: 456 creatures vanquished

Notes
Turn   | Place    | Note
-------+----------+-------------------------------------------
     0 | D:1      | Kurtz the Tengu Fighter began the quest for the Orb.
     0 | D:1      | Reached XP level 1. HP: 14/14 MP: 2/2
   409 | D:2      | Reached skill level 3 in Axes
   409 | D:2      | Reached XP level 2. HP: 19/19 MP: 3/3
   580 | D:2      | Reached skill level 4 in Axes
   580 | D:2      | Reached XP level 3. HP: 23/23 MP: 4/4
  1073 | D:2      | Reached XP level 4. HP: 28/28 MP: 5/5
  1386 | D:3      | Noticed Robin
  1502 | D:3      | Reached skill level 5 in Axes
  1505 | D:3      | Killed Robin
  1629 | D:3      | Found an opulent altar of Gozag.
  1630 | D:3      | Found a sacrificial altar of Ru.
  1646 | D:3      | Became a worshipper of Gozag Ym Sagoz the Greedy
  1746 | D:3      | Noticed Terence
  1754 | D:3      | Killed Terence
  1755 | D:3      | Gained mutation: Your magical nature lets you fly swiftly
                  | and evasively. [Tengu growth]
  1755 | D:3      | Reached XP level 5. HP: 18/32 MP: 6/6
  1828 | D:3      | Noticed Grinder
  1839 | D:3      | Killed Grinder
  1840 | D:3      | Reached skill level 7 in Axes
  1840 | D:3      | Reached XP level 6. HP: 8/37 MP: 7/7
  1971 | D:3      | Found a faded altar of an unknown god.
  2295 | D:4      | Found a sparkling altar of Nemelex Xobeh.
  2366 | D:4      | Found a faded altar of an unknown god.
  2368 | D:4      | Found a faded altar of an unknown god.
  2368 | D:4      | Found a hazy altar of Hepliaklqana.
  2581 | D:4      | Noticed a black bear
  2591 | D:4      | Killed a black bear
  2592 | D:4      | Reached skill level 8 in Axes
  2592 | D:4      | Reached XP level 7. HP: 32/41 MP: 8/8
  2765 | D:4      | Found Hobyrph's Vocational Training.
  2789 | D:4      | Found a staircase to the Ecumenical Temple.
  2857 | D:4      | Found a white marble altar of Elyvilon.
  2967 | D:4      | Reached skill level 9 in Axes
  3254 | D:5      | Entered Level 5 of the Dungeon
  3470 | D:5      | Reached XP level 8. HP: 46/46 MP: 9/9
  3801 | D:5      | Reached skill level 10 in Axes
  4530 | D:6      | Reached skill level 11 in Axes
  4847 | D:6      | Reached skill level 12 in Axes
  4967 | D:6      | Reached XP level 9. HP: 50/50 MP: 10/10
  5660 | D:7      | Reached skill level 13 in Axes
  5795 | D:7      | Found a burning altar of Makhleb.
  5805 | D:7      | Identified the +1 robe "Ysintet" {Int+6}
  6266 | D:7      | Found a stormy altar of Qazlal.
  6386 | D:8      | Noticed Maurice
  6408 | D:8      | Killed Maurice
  6409 | D:8      | Reached skill level 14 in Axes
  6878 | D:8      | Reached XP level 10. HP: 46/56 MP: 11/11
  6966 | D:8      | Reached skill level 15 in Axes
  7678 | D:9      | Found a shadowy altar of Dithmenos.
  7816 | D:9      | Noticed Prince Ribbit
  7825 | D:9      | Killed Prince Ribbit
  7903 | D:9      | Noticed Gastronok
  8146 | D:9      | Found an iron altar of Okawaru.
  8571 | D:10     | Entered Level 10 of the Dungeon
  8662 | D:10     | Reached skill level 1 in Dodging
  8897 | D:10     | Identified the +5 dagger "Nuxkiam" {heavy, Str+3}
  8921 | D:10     | Noticed a cyclops
  8968 | D:10     | Killed a cyclops
  8969 | D:10     | Reached skill level 16 in Axes
  9148 | D:10     | Noticed an ogre mage
  9183 | D:10     | Killed an ogre mage
  9184 | D:10     | Reached skill level 5 in Armour
  9184 | D:10     | Reached skill level 5 in Shields
  9184 | D:10     | Reached XP level 11. HP: 37/61 MP: 12/12
  9235 | D:10     | Noticed a centaur warrior
  9850 | D:9      | Found a shimmering altar of Xom.
  9913 | D:9      | Killed Gastronok
 10511 | D:10     | Killed a centaur warrior
 10646 | D:10     | Found a glowing golden altar of the Shining One.
 10720 | D:10     | Found a basalt altar of Yredelemnul.
 10722 | D:10     | Noticed a profane servitor
 10801 | D:10     | Noticed an angel
 11146 | D:10     | Noticed a two-headed ogre
 11170 | D:10     | Killed a two-headed ogre
 11171 | D:10     | Reached skill level 5 in Fighting
 11178 | D:10     | Found a staircase to the Orcish Mines.
 11247 | D:10     | Found a shimmering blue altar of Sif Muna.
 11258 | D:10     | Found an ancient bone altar of Kikubaaqudgha.
 11301 | D:10     | Found a radiant altar of Vehumet.
 11428 | D:11     | Noticed a centaur warrior
 11527 | D:11     | Found an iron altar of Okawaru.
 12687 | D:11     | Killed a centaur warrior
 12710 | D:11     | Noticed a two-headed ogre
 12751 | D:11     | Killed a two-headed ogre
 12752 | D:11     | Reached XP level 12. HP: 56/69 MP: 13/13
 13087 | D:11     | Found a staircase to the Lair.
 13235 | Lair:1   | Entered Level 1 of the Lair of Beasts
 13572 | Lair:1   | Reached skill level 5 in Dodging
 14466 | Lair:1   | Noticed a boulder beetle
 14486 | Lair:1   | Killed a boulder beetle
 15596 | D:12     | Identified the ring "Kuclaeja" {Fly AC+4}
 15634 | D:12     | Reached skill level 10 in Armour
 15958 | D:12     | Reached XP level 13. HP: 57/78 MP: 14/14
 17731 | Lair:2   | Found a staircase to the Swamp.
 17984 | Lair:2   | Found a hole to the Spider Nest.
 18474 | Lair:3   | Reached skill level 10 in Shields
 18530 | Lair:3   | Reached skill level 1 in Evocations
 20251 | Lair:4   | Reached XP level 14. HP: 64/79 MP: 15/15
 20403 | Lair:4   | Reached skill level 10 in Fighting
 20687 | Lair:4   | Found a staircase to the Slime Pits.
 20687 | Lair:4   | Found a viscous altar of Jiyva.
 21238 | Lair:5   | Entered Level 5 of the Lair of Beasts
 21668 | Lair:5   | Found a gate leading to a gauntlet.
 21725 | Gauntlet | Entered a Gauntlet
 21725 | Gauntlet | Found a transporter.
 21830 | Gauntlet | Found a transporter.
 21834 | Gauntlet | Noticed a balrug
 21848 | Gauntlet | Found a transporter.
 21851 | Gauntlet | Found a transporter.
 21872 | Gauntlet | Found a transporter.
 21885 | Gauntlet | Found a transporter.
 21899 | Gauntlet | Found a transporter.
 21926 | Gauntlet | Found a transporter.
 21926 | Gauntlet | Found a transporter.
 21932 | Gauntlet | Found a transporter.
 21936 | Gauntlet | Noticed a reaper
 21966 | Gauntlet | Found a transporter.
 21966 | Gauntlet | Found a transporter.
 22107 | Gauntlet | Mangled by a reaper

Illustrated notes

Levels and vault maps discovered:
D:1:      amcnicky_arrival_blooded_trapdoor, layout_rooms, eino_curves_01
D:2:      layout_loops_ring, st_stairs_7, grunt_ministairs_11, nrook_campfire,
          kennysheep_generic_room_16
D:3:      layout_rooms, grunt_temple_overflow_open,
          nicolae_ecumenical_lake_church, st_stairs_2,
          chequers_serial_rivers_small_a, minmay_quadrilaterals, uniq_robin,
          uniq_grinder, uniq_terence
D:4:      kennysheep_big_flooded_room, layout_loops_cross,
          nicolae_hepliaklqana_ecumenical_no_more, mainiacjoe_overflow_brackets,
          lemuel_doored_altar, minmay_temple_entry_trees,
          nicolae_shop_vocational
D:5:      layout_basic
D:6:      layout_loops_ring
D:7:      layout_cave_pools, lemuel_round_altar, mainiacjoe_overflow_alcove_4
D:8:      layout_cave_pods, uniq_maurice
D:9:      layout_loops_ring, lemuel_round_altar, grunt_dithmenos_shadows,
          overflow_temple_1_default, minmay_lizard_king, uniq_prince_ribbit1,
          uniq_gastronok
D:10:     minmay_curly_fans, layout_loops_ring, grunt_temple_overflow_holy_war,
          palyth_temple_overflow_mages, hiddenorc1_lemuel
D:11:     layout_long_grid, lair_entry_dummy, okawaru_metal_pillars_1_2
D:12:     layout_basic
Lair:1:   layout_long_grid
Lair:2:   layout_chaotic_city, minmay_swamp_entry_worms, dummy_spider_entry,
          serial_bayou_pond_b, chequers_serial_rivers_micro_e
Lair:3:   nzn_winding_woodlands_three_and_one
          [nzn_winding_woodlands_5x15_concentric,
          nzn_winding_woodlands_5x15_crooked,
          nzn_winding_woodlands_5x15_default,
          nzn_winding_woodlands_center_lodge], layout_concentric_octagons
Lair:4:   layout_cave_pods, nicolae_slime_entry_slimehenge, pond
Lair:5:   wormcave, layout_layer_cave, hangedman_lair_in_review,
          gauntlet_entry_generic, patterned_corridor, uniq_kirke, uniq_snorg
Gauntlet: minmay_gauntlet_mixed_oops_all_seconds
          [minmay_gauntlet_arena_77_two_lines, nicolae_gauntlet_arena_blocks,
          minmay_gauntlet_arena_77_tiled_triplets,
          gammafunk_gauntlet_arena_teeth, minmay_gauntlet_arena_77_mirror,
          nicolae_gauntlet_arena_flowing_pool, gauntlet_exit_hidden_loot]

Skill      XL: |  1  2  3  4  5  6  7  8  9 10 11 12 13 14 |
---------------+-------------------------------------------+-----
Axes           | 3 4 5 7 8 9 12 14 16 | 16.3
Dodging        | 2 4 6 7 8 |  8.1
Armour         | 5 8 10 11 12 | 12.0
Shields        | 5 7 9 10 11 | 11.1
Fighting       | 4 5 8 9 10 | 10.3
Evocations     | 2 3 |  3.4

Action                     |  1- 3 |  4- 6 |  7- 9 | 10-12 | 13-15 || total
---------------------------+-------+-------+-------+-------+-------++-------
  Melee: War axe           |    70 |   109 |    99 |       |       ||   278
         Kick              |    13 |    19 |    78 |   330 |   225 ||   665
         Peck              |     3 |    14 |    42 |   180 |   137 ||   376
         Flail             |       |       |   108 |       |       ||   108
         Hand axe          |       |       |    58 |   780 |   538 ||  1376
         Demon trident     |       |       |       |     8 |       ||     8
  Throw: Dart              |       |       |       |     5 |     5 ||    10
         Boomerang         |       |       |       |     5 |       ||     5
 Invoke: Potion Petition   |       |       |       |     1 |     2 ||     3
Ability: Evoke Invisibilit |       |       |       |       |     4 ||     4
  Evoke: Wand              |       |       |     9 |    25 |     5 ||    39
    Use: Scroll            |       |       |       |    14 |     6 ||    20
         Potion            |       |       |       |       |     2 ||     2
   Stab: Distracted        |       |       |     1 |     5 |     3 ||     9
         Paralysed         |       |       |     5 |    33 |       ||    38
         Invisible         |       |       |       |       |     5 ||     5
         Petrified         |       |       |       |       |     5 ||     5
 Armour: Scale mail        |    29 |    23 |    56 |    38 |       ||   146
         Plate armour      |       |    53 |    10 |       |       ||    63
         Chain mail        |       |       |       |    39 |   135 ||   174
         Fire dragon scale |       |       |       |    89 |    15 ||   104
  Dodge: Dodged            |    29 |    35 |    77 |   256 |   196 ||   593
  Block: Buckler           |    23 |    58 |   111 |   285 |   203 ||   680
         Reflection        |     2 |     2 |     5 |    12 |     1 ||    22
